 Dungeon Crawl Stone Soup version 0.27-a0-836-gfc908b8576 (webtiles) character file.

Game seed: 15289998098317870656

4 rageheart7 the Sneak (level 1, -1/11 HPs)
             Began as a Spriggan Delver on Mar 31, 2021.
             Slain by an orc wizard
             ... wielding a +0 dagger
              (2 damage)
             ... on level 5 of the Dungeon.
             The game lasted 00:00:37 (57 turns).

rageheart7 the Sneak (Spriggan Delver)                Turns: 57, Time: 00:00:38

Health: -1/11      AC:  2    Str:  8    XL:     1   Next: 50%
Magic:  2/2        EV: 17    Int: 11    God:
Gold:   7          SH:  0    Dex: 16    Spells: 0/0 levels left

rFire    . . .     SeeInvis +   h - +2 dagger (drain)
rCold    . . .     Faith    .   (shield restricted)
rNeg     . . .     Spirit   .   b - +0 robe
rPois    .         Reflect  .   (helmet restricted)
rElec    .         Harm     .   (no cloak)
rCorr    .         Rampage  .   (gloves unavailable)
Will     .....                  (boots unavailable)
Stlth    ++........             (no amulet)
HPRegen  0.03/turn              (no ring)
MPRegen  0.08/turn              (no ring)

@: confused, very quick
A: very small, no large weapons, unfitting armour, see invisible, speed 3
a: no special abilities


You were on level 5 of the Dungeon.
You visited 1 branch of the dungeon, and saw 1 of its levels.

You collected 7 gold pieces.

Inventory:

Hand Weapons
 h - a +2 dagger of draining (weapon)
Armour
 b - a +0 robe (worn)
Wands
 g - a wand of digging (3)
Scrolls
 c - a scroll of fog
 d - a scroll of magic mapping
 e - a scroll of fear
Potions
 f - a potion of haste


   Skills:
 * Level 2.5 Fighting
 * Level 2.3 Short Blades
 - Level 2.6 Dodging
 + Level 7.3 Stealth


You couldn't memorise any spells.
You didn't know any spells.
Your spell library was empty.

Dungeon Overview and Level Annotations

Branches:
Dungeon (5/15)
 Temple: D:4-7

Altars:


Innate Abilities, Weirdness & Mutations

You are very small and have problems with some larger weapons.
You are too small for most types of armour.
You have supernaturally acute eyesight. (SInv)
You cover ground extremely quickly. (Speed+++)


Message History

h - a +2 dagger of draining (weapon)
Drop what? 8/52 slots (_ for help) (? for menu, Esc to quit)
You drop a +0 short sword.
Found a dagger.
You now have 7 gold pieces.
An orc comes into view. It is wielding a +0 mace.
A bullfrog, 2 orcs and an orc wizard come into view.
An orc is wielding a +0 club and quivering boomerangs of dispersal.
The orc shouts!
The orc wizard shouts!
The orc shouts! x2; You hear a bark!
The orc wizard gestures at you while chanting.
The magic dart hits you!
Ouch! That really hurt!
* * * LOW HITPOINT WARNING * * *
You hit the orc. You drain the orc.
You kill the orc!
A hound comes into view.
The orc wizard points at itself and mumbles some strange words.
The orc wizard flickers and vanishes for a moment.
You swing at nothing.
An adder comes into view.
The orc throws a boomerang of dispersal.
The boomerang of dispersal closely misses you.
You hit the orc. You drain the orc.
You kill the orc!
The orc wizard casts a spell at you.
You are confused.
Unknown command.
You bump into the rock wall.
You're too confused to attack without stumbling around!
You bump into the rock wall.
You barely miss the orc wizard. The orc wizard misses you.
You closely miss the orc wizard.
The orc wizard hits you with a +0 dagger.
* * * LOW HITPOINT WARNING * * *
You're too confused to move!
The orc wizard hits you with a +0 dagger.
* * * LOW HITPOINT WARNING * * *
You completely miss the orc wizard.
The orc wizard hits you with a +0 dagger.
You die...

........#........#
........#........#
........#...#+#.#
...h....#...#.#.#
........o.....#.#
.....o).#...###o#
.....o.o#...# #.#
........#...# #.#
........#...# #@#
.##########.###o#
#........#
#........#
#........####
#...........###
#.............#
................#
...........).....#


You could see an orc wizard (invisible) and an orc.

Vanquished Creatures
  2 orcs (D:5)
2 creatures vanquished.

Notes
Turn   | Place    | Note
-------+----------+-------------------------------------------
     0 | D:5      | rageheart7 the Spriggan Delver began the quest for the Orb.
     0 | D:5      | Reached XP level 1. HP: 11/11 MP: 2/2
    24 | D:5      | Noticed an orc wizard
    24 | D:5      | Noticed a bullfrog
    26 | D:5      | Noticed a hound
    57 | D:5      | Slain by an orc wizard

Illustrated notes

Levels and vault maps discovered:
D:5:      layout_basic, lemuel_crystal_altar, uniq_edmund

Action                   || total
-------------------------++-------
Melee: Dagger            ||     5
Dodge: Dodged            ||     2

Table legend: (Time is in decaauts)
 A = Elapsed time spent in this place.
 B = Non-inter-level travel time spent in this place.
 C = Inter-level travel time spent in this place.
 D = Time resting spent in this place.
 E = Time spent auto-exploring this place.
 F = Levels seen in this place.
 G = Mean time per level.
                   A        B        C        D        E       F      G
               +--------+--------+--------+--------+--------+-----+--------+
         Total |     38 |     38 |      0 |      0 |      7 |   1 |   38.0 |
       Dungeon |     38 |     38 |      0 |      0 |      7 |   1 |   38.0 |
               +--------+--------+--------+--------+--------+-----+--------+

Top non-repeatable levels by time:
     D:5: 38 daAuts
